 Dungeon Crawl Stone Soup version 0.30-a0-779-g7971cf19c3 (webtiles) character file.

Game seed: 3692644122465685643

92 Essalna the Cudgeller (level 4, -4/29 HPs)
             Began as a Gargoyle Monk on Feb 17, 2023.
             Slain by a kobold brigand
             ... wielding a +0 club
              (6 damage)
             ... on level 3 of the Dungeon.
             The game lasted 00:04:25 (2042 turns).

Essalna the Cudgeller (Gargoyle Monk)               Turns: 2042, Time: 00:04:26

Health: -4/29      AC:  6    Str: 15    XL:     4   Next: 60%
Magic:  4/4        EV: 12    Int: 12    God:
Gold:   168        SH:  0    Dex: 12    Spells: 2/3 levels left

rFire   . . .      SeeInvis .    k - +1 whip (elec)
rCold   . . .      Faith    .    (no shield)
rNeg    + + .      Spirit   .    b - +1 robe
rPois   ∞          Reflect  .    (no helmet)
rElec   +          Harm     .    (no cloak)
rCorr   .          Rampage  .    (no gloves)
Will    .....                    (no boots)
Stlth   ++                       n - amulet of regeneration
HPRegen 1.04/turn                g - ring of positive energy
MPRegen 0.09/turn                (no ring)

@: no status effects
A: sickness immunity, AC +3, negative energy resistance 1, electricity
resistance, torment resistance 1, petrification resistance
a: no special abilities


You were on level 3 of the Dungeon.
You visited 1 branch of the dungeon, and saw 3 of its levels.

You collected 168 gold pieces.

Inventory:

Hand Weapons
 a - a +0 mace
 k - a +1 whip of electrocution (weapon)
Armour
 b - a +1 robe (worn)
Magical Staves
 f - a staff of fire
Jewellery
 g - a ring of positive energy (left hand)
 i - an amulet of magic regeneration
 n - an amulet of regeneration (around neck)
Scrolls
 l - a scroll of immolation {unknown}
 o - a scroll of torment {unknown}
Potions
 c - a potion of ambrosia
 d - a potion of magic
 e - 2 potions of heal wounds {unknown}
 h - a potion of might {unknown}
 j - a potion of flight {unknown}
 m - 2 potions of attraction {unknown}


   Skills:
 + Level 3.8 Fighting
 - Level 4.1 Maces & Flails
 + Level 1.5 Armour
 + Level 2.8 Dodging
 - Level 2.1 Stealth
 + Level 0.1 Earth Magic


You had 2 spell levels left.
You knew the following spells:

 Your Spells              Type           Power      Damage    Failure   Level
a - Sandblast             Erth           0%         2d4       32%         1

Your spell library contained the following spells:

 Spells                   Type           Power      Damage    Failure   Level
 Beastly Appendage        Tmut           0%         N/A       32%         1
 Wereblood                Tmut           0%         N/A       45%         2
 Spider Form              Tmut/Pois      0%         N/A       69%         3
 Animate Armour           Summ/Erth      0%         N/A       97%         4
 Lee's Rapid Deconstruct  Erth           0%         3d4*      100%        5


Dungeon Overview and Level Annotations

Branches:
Dungeon (3/15)

Altars:


Innate Abilities, Weirdness & Mutations

You are immune to sickness and miasma.
Your stone body is resilient. (AC +3)
You are immune to poison.
You resist negative energy. (rN+)
You are resistant to electric shocks. (rElec)
You are resistant to unholy torment.
You are immune to petrification.


Message History

You are too injured to fight recklessly!
You are too injured to fight recklessly!
You are too injured to fight recklessly!
You are too injured to fight recklessly!
You are too injured to fight recklessly!
The kobold brigand throws a poisoned dart.
The poisoned dart barely misses you. The hobgoblin closely misses you.
Things that are here:
a +0 club; a +0 dagger The kobold brigand hits you with a +0 club.
The hobgoblin closely misses you.
You barely miss the kobold brigand.
The hobgoblin hits you but does no damage.
The kobold brigand hits you with a +0 club.
You hit the kobold brigand.
The kobold brigand is lightly wounded.
The kobold brigand closely misses you. The hobgoblin hits you with a +0 club.
You whack the kobold brigand!
Lightning courses through the kobold brigand!
The kobold brigand is severely wounded.
The hobgoblin barely misses you. The kobold brigand barely misses you.
You hit the kobold brigand.
The kobold brigand is severely wounded.
You hit the kobold brigand.
The kobold brigand is severely wounded.
The kobold brigand misses you.
The hobgoblin hits you but does no damage.
You barely miss the kobold brigand.
The kobold brigand is severely wounded.
The kobold brigand closely misses you. The hobgoblin hits you with a +0 club.
You hit the kobold brigand but do no damage.
The kobold brigand is severely wounded.
The kobold brigand hits you with a +0 club!
* * * LOW HITPOINT WARNING * * *
The hobgoblin hits you with a +0 club.
* * * LOW HITPOINT WARNING * * *
You miss the kobold brigand.
The kobold brigand is severely wounded.
The kobold brigand hits you with a +0 club.
You die...

..............> .....
...............
.....######.#######....
#....~~~###. #....
~~~~~~~~#.## #.... #
~~~≈≈~ ..## #.... ...
#≈≈≈####..# #....
.....#####.....# #....
#...K@))))...# #....
###...g.####.# #....
####### ##.# #....
#..#####....
#.#.........
#..#...##...
#...#..##..#
#....#....#.
#.....#..#..


You could see a kobold brigand and a hobgoblin.

Vanquished Creatures
  2 adders (D:2)
  2 worms (D:2)
  5 ball pythons (D:2)
  9 endoplasms
  3 giant cockroaches
  6 goblins (D:1)
  6 hobgoblins
  3 quokkas
  4 bats
  7 frilled lizards
  9 kobolds
  10 rats
  A butterfly (D:3)
67 creatures vanquished.

Notes
Turn   | Place    | Note
-------+----------+-------------------------------------------
     0 | D:1      | Essalna the Gargoyle Monk began the quest for the Orb.
     0 | D:1      | Reached XP level 1. HP: 14/14 MP: 1/1
   168 | D:1      | Reached XP level 2. HP: 19/19 MP: 2/2
   357 | D:1      | Reached skill level 4 in Maces & Flails
   530 | D:1      | Reached XP level 3. HP: 23/23 MP: 3/3
  1290 | D:2      | Reached skill level 1 in Armour
  1410 | D:2      | Reached XP level 4. HP: 21/28 MP: 4/4
  1967 | D:3      | Got the Codex of Crystalline Generation
  1970 | D:3      | Learned a level 1 spell: Sandblast
  2027 | D:3      | Noticed a kobold brigand
  2041 | D:3      | HP: 1/29 [hobgoblin/+0 club (3)]
  2042 | D:3      | Slain by a kobold brigand

Illustrated notes

Levels and vault maps discovered:
D:1:      giann_wishing_wells, layout_basic, bh_walls_and_bars
D:2:      layout_basic
D:3:      cheibrodos_thug_alley, layout_basic, xom_butterflies, minivault_26,
          chequers_hall_statues_y, nicolae_grassy_gnolls

Skill      XL: |  1  2  3 |
---------------+----------+-----
Maces & Flails | 4 |  4.1
Armour         | 1 |  1.5
Fighting       | |  3.8
Dodging        | |  2.8
Stealth        | |  2.1
Earth Magic    | |  0.1

Action                     |  1- 3 |  4- 6 || total
---------------------------+-------+-------++-------
  Melee: Mace              |    89 |    12 ||   101
         Staff             |    31 |       ||    31
         Punch             |     1 |     2 ||     3
         Whip              |       |    72 ||    72
    Use: Scroll            |     3 |       ||     3
   Stab: Sleeping          |     7 |     1 ||     8
 Armour: Robe              |    32 |    27 ||    59
  Dodge: Dodged            |    69 |    45 ||   114

Table legend: (Time is in decaauts)
 A = Elapsed time spent in this place.
 B = Non-inter-level travel time spent in this place.
 C = Inter-level travel time spent in this place.
 D = Time resting spent in this place.
 E = Time spent auto-exploring this place.
 F = Levels seen in this place.
 G = Mean time per level.
                   A        B        C        D        E       F      G
               +--------+--------+--------+--------+--------+-----+--------+
         Total |   2056 |   2027 |     29 |      0 |   1543 |   3 |  685.3 |
       Dungeon |   2056 |   2027 |     29 |      0 |   1543 |   3 |  685.3 |
               +--------+--------+--------+--------+--------+-----+--------+

Top non-repeatable levels by time:
     D:1: 1124 daAuts
     D:2: 727 daAuts
     D:3: 204 daAuts
